 Dungeon Crawl Stone Soup version 0.25-a0-1073-gf4359a17dd (webtiles) character file.

Game seed: 1013198424086557296, levelgen mode: deterministic

678 Gwenloh the Stinger (level 7, -2/60 (61) HPs)
             Began as a Naga Venom Mage on May 14, 2020.
             Was a Follower of Cheibriados.
             Slain by a phantom (4 damage)
             ... on level 5 of the Dungeon.
             The game lasted 00:57:54 (6738 turns).

Gwenloh the Stinger (Naga Venom Mage)               Turns: 6738, Time: 00:57:55

HP:   -2/60 (61)    AC:  5    Str: 15 (18) XL:     7   Next: 60%
MP:   11/11         EV: 10    Int: 18 (20) God:    Cheibriados [*.....]
Gold: 271           SH:  0    Dex: 10 (13) Spells: 3/12 levels left

rFire    x . .     SeeInvis +   l - +1 spear (venom)
rCold    + . .     Gourm    .   (no shield)
rNeg     . . .     Faith    .   E - +0 robe
rPois    +         Spirit   .   (no helmet)
rElec    .         Reflect  .   (no cloak)
rCorr    .         Harm     .   w - +1 pair of gloves
MR       .....                  (no barding)
Stlth    ++........             (no amulet)
HPRegen  0.20/turn              a - ring of ice
MPRegen  0.12/turn              u - +6 ring of strength

@: brilliant, very slow
A: large, see invisible, deformed body, poison resistance, slowness 2, slow
metabolism 1, spit poison 1, AC +2
a: Spit Poison, Bend Time, Renounce Religion


You were on level 5 of the Dungeon.
You worshipped Cheibriados.
Cheibriados was aware of your devotion.
You were near starving.

You visited 1 branch of the dungeon, and saw 6 of its levels.

You collected 271 gold pieces.

Inventory:

Hand Weapons
 g - a +0 whip of freezing
 l - a +1 spear of venom (weapon)
Missiles
 b - 182 stones
 d - a throwing net
 i - 6 atropa-tipped darts
 p - 5 javelins (quivered)
 v - 16 poisoned darts
Armour
 r - a +0 buckler
 w - a +1 pair of gloves (worn)
 E - a +0 robe (worn)
Magical Staves
 A - an uncursed staff of conjuration
Jewellery
 a - a ring of ice (left hand)
 u - a +6 ring of strength (right hand)
Scrolls
 e - 2 scrolls of teleportation
 f - 2 scrolls of amnesia
 h - 2 scrolls of enchant armour
 j - a scroll of blinking
 q - a scroll of enchant weapon {unknown}
Potions
 k - a potion of brilliance
 m - a potion of mutation {unknown}
 n - a potion of lignification {unknown}
 o - a potion of cancellation {unknown}
 s - a potion of stabbing {unknown}
 t - a potion of might {unknown}
 B - a potion of degeneration
 D - a potion of invisibility {unknown}
Comestibles
 c - 7 rations
 x - 3 chunks of flesh


   Skills:
 + Level 2.5 Fighting
 - Level 2.3 Dodging
 - Level 3.0 Stealth
 + Level 3.1 Spellcasting
 - Level 2.9 Conjurations
 + Level 2.0 Transmutations
 * Level 1.0 Fire Magic
 - Level 3.0 Air Magic
 * Level 6.7 Poison Magic


You had 3 spell levels left.
You knew the following spells:

 Your Spells              Type           Power        Failure   Level  Hunger
a - Sting                 Tmut/Pois      ####         2%          1    None
b - Poisonous Vapours     Pois/Air       ####..       3%          2    None
c - Mephitic Cloud        Conj/Pois/Air  ####....     9%          3    None
d - Ignite Poison         Fire/Tmut/Pois ###.....     13%         3    None

Your spell library contained the following spells:

 Spells                   Type           Power        Failure   Level  Hunger
 Olgreb's Toxic Radiance  Pois           #####...     11%         4    None


Dungeon Overview and Level Annotations

Branches:
Dungeon (6/15)
 Temple: D:4-7

Altars:
Cheibriados
Elyvilon
Nemelex Xobeh
Okawaru
Sif Muna
Uskayaw
Zin


Innate Abilities, Weirdness & Mutations

You cannot wear boots.
Your serpentine skin is tough. (AC +2)
You have supernaturally acute eyesight. (SInv)
Armour fits poorly on your strangely shaped body.
Your system is resistant to poisons. (rPois)
You cover ground very slowly.
You have a slow metabolism.
You can spit poison.


Message History

It was a potion of brilliance.
You feel clever all of a sudden. The phantom hits you!
* * * LOW HITPOINT WARNING * * *
It was a potion of degeneration.
There was something very wrong with that liquid.
You feel weakened.
You feel dopey.
You feel clumsy. The phantom barely misses you.
The phantom hits you but does no damage.
You hit the phantom but do no damage.
The phantom is moderately damaged.
The phantom hits you but does no damage.
The phantom misses you.
You hit the phantom.
The phantom is moderately damaged.
The phantom closely misses you.
You closely miss the phantom.
The phantom is moderately damaged.
The phantom hits you.
You die...

# # # ##### # #...# #
#...# ####...####
########.........#
#................#
####.####.......@W>.#
#......##..###...####
#.##.#.....# #...#
#.##.####.## #...#
#.##.####.# ###.##
#.##......# #...#
<....###### #.###
###......# #.#
#......# #.#


You could see a phantom.

Vanquished Creatures
  An ogre (D:6)
  A necrophage (D:5)
  2 crimson imps (D:6)
  An orc priest (D:4)
  A hound (D:4)
  An orc wizard (D:4)
  An iguana (D:6)
  5 worker ants
  2 hound skeletons
  3 adders
  6 gnolls
  A shadow imp (D:4)
  2 oozes (D:3)
  An adder skeleton (D:5)
  A worm (D:2)
  2 dart slugs
  A leopard gecko (D:6)
  8 orcs
  2 ball pythons (D:6)
  5 bats
  4 giant cockroaches
  5 goblins
  4 hobgoblins
  9 jackals
  6 kobolds
  2 quokkas
  6 frilled lizards
  A leopard gecko skeleton (D:4)
  3 rats
87 creatures vanquished.

Notes
Turn   | Place    | Note
-------+----------+-------------------------------------------
     0 | D:1      | Gwenloh the Naga Venom Mage began the quest for the Orb.
     0 | D:1      | Reached XP level 1. HP: 15/15 MP: 3/3
   230 | D:1      | Reached XP level 2. HP: 22/22 MP: 1/5
   279 | D:1      | Learned a level 2 spell: Poisonous Vapours
   944 | D:2      | Reached XP level 3. HP: 26/30 MP: 1/6
  1419 | D:2      | Found a glowing silver altar of Zin.
  1934 | D:2      | Learned a level 3 spell: Mephitic Cloud
  2367 | D:3      | Reached skill level 1 in Fighting
  2367 | D:3      | Reached XP level 4. HP: 37/38 MP: 7/7
  3111 | D:3      | Reached skill level 5 in Poison Magic
  3402 | D:4      | Reached skill level 1 in Air Magic
  3692 | D:4      | Reached skill level 1 in Conjurations
  3692 | D:4      | Reached XP level 5. HP: 44/44 MP: 5/8
  3758 | D:4      | Found a white marble altar of Elyvilon.
  4201 | D:4      | Reached XP level 6. HP: 45/52 MP: 2/9
  4630 | D:4      | Learned a level 3 spell: Ignite Poison
  4631 | D:5      | Entered Level 5 of the Dungeon
  4740 | D:5      | Got a pair of fine boots
  5438 | D:5      | Found a sparkling altar of Nemelex Xobeh.
  5443 | D:5      | Found a shimmering blue altar of Sif Muna.
  5443 | D:5      | Found an iron altar of Okawaru.
  5456 | D:5      | Found a snail-covered altar of Cheibriados.
  5465 | D:5      | Became a worshipper of Cheibriados the Contemplative
  5471 | D:5      | Found a hide-covered altar of Uskayaw.
  5669 | D:6      | Reached skill level 6 in Poison Magic
  5861 | D:6      | Noticed a necrophage
  5881 | D:5      | Killed a necrophage
  5881 | D:5      | Reached XP level 7. HP: 44/59 MP: 6/11
  6681 | D:6      | Reached * piety under Cheibriados
  6681 | D:6      | Reached skill level 1 in Fire Magic
  6732 | D:5      | HP: 1/60 [phantom (8)]
  6738 | D:5      | Slain by a phantom

Illustrated notes

Levels and vault maps discovered:
D:1:      dpeg_arrival_simpleton_a, layout_basic, st_stairs_4
D:2:      layout_basic, overflow_temple_1_default
D:3:      layout_basic, first_ration
D:4:      layout_basic, elyvilon_altar_5, minmay_tree_intersection
D:5:      layout_loops_cross, minmay_overflow_temple_star_hex
D:6:      layout_gridville, kennysheep_mini_moat, gup_ossuary_entry_pyramid

Skill      XL: |  1  2  3  4  5  6  7 |
---------------+----------------------+-----
Fighting       | 1 2 |  2.5
Dodging        | 2 |  2.3
Poison Magic   | 5 6 |  6.7
Air Magic      | 1 2 3 |  3.0
Conjurations   | 1 2 |  2.9
Spellcasting   | 3 |  3.1
Transmutations | 2 |  2.0
Fire Magic     | 1 |  1.0
Stealth        | |  3.0

Action                   |  1- 3 |  4- 6 |  7- 9 || total
-------------------------+-------+-------+-------++-------
Melee: Unarmed           |     1 |       |       ||     1
       Whip              |    11 |       |       ||    11
       Spear             |     6 |    46 |    40 ||    92
Throw: Stone             |     3 |       |       ||     3
       Javelin           |     2 |    17 |     2 ||    21
 Cast: Sting             |    14 |     3 |     3 ||    20
       Poisonous Vapours |    15 |    30 |     8 ||    53
       Ignite Poison     |       |     4 |     3 ||     7
       Mephitic Cloud    |       |     3 |     1 ||     4
Invok: Bend Time         |       |       |     1 ||     1
 Abil: Spit Poison       |    18 |    12 |     5 ||    35
  Use: Scroll            |       |     9 |     1 ||    10
       Potion            |       |       |     2 ||     2
  Eat: Chunk             |     3 |     5 |     2 ||    10
       Ration            |     1 |     2 |       ||     3
Armor: Robe              |     4 |    15 |    10 ||    29
Dodge: Dodged            |    13 |    18 |    12 ||    43

Table legend:
 A = Non-vault XP
 B = Vault XP
 C = Vault XP percentage of total XP
 D = Non-vault monster count
 E = Vault monster count
 F = Vault count percentage of total count
                 A         B        C        D         E       F
            +---------+---------+-------+---------+---------+-------
      Total |     967 |       2 |   0.2 |      86 |       1 |   1.1
            +---------+---------+-------+---------+---------+-------
        D:1 |      26 |       2 |   7.1 |      15 |       1 |   6.2
        D:2 |      23 |       0 |   0.0 |      12 |       0 |   0.0
        D:3 |      52 |       0 |   0.0 |      16 |       0 |   0.0
        D:4 |     274 |       0 |   0.0 |      17 |       0 |   0.0
        D:5 |     225 |       0 |   0.0 |      13 |       0 |   0.0
        D:6 |     367 |       0 |   0.0 |      13 |       0 |   0.0
            +---------+---------+-------+---------+---------+-------
